 Dungeon Crawl Stone Soup version 0.22-a0-443-g17c3723 (webtiles) character file.

63 Gorglomux the Covered (level 4, -1/29 HPs)
             Began as a Gargoyle Fighter on June 1, 2018.
             Was an Initiate of Okawaru.
             Killed from afar by an orc wizard (5 damage)
             ... with a puff of flame
             ... on level 3 of the Dungeon.
             The game lasted 00:01:00 (1430 turns).

Gorglomux the Covered (Gargoyle Fighter)            Turns: 1430, Time: 00:01:00

Health: -1/29      AC: 13    Str: 21    XL:     4   Next: 10%
Magic:  4/4        EV:  4    Int:  8    God:    Okawaru [......]
Gold:   24         SH:  9    Dex:  9    Spells: 3/3 levels left

rFire    . . .     SeeInvis .   a - +0 war axe
rCold    . . .     Gourm    .   c - +0 shield
rNeg     + . .     Faith    .   b - +0 scale mail
rPois    ∞         Spirit   .   (no helmet)
rElec    +         Reflect  .   (no cloak)
rCorr    .         Harm     .   (no gloves)
MR       .....                  V - +2 pair of boots
Stlth    ..........             i - amulet of inaccuracy (curse)
HPRegen  0.09/turn              h - ring of loudness (curse)
MPRegen  0.09/turn              j - -3 ring of evasion (curse)

@: no status effects
A: negative energy resistance 1, electricity resistance, unbreathing,
petrification resistance, rot immunity, AC +3
a: Renounce Religion


You were on level 3 of the Dungeon.
You worshipped Okawaru.
Okawaru was noncommittal.
You were very hungry.

You visited 1 branch of the dungeon, and saw 3 of its levels.

You collected 24 gold pieces.

Inventory:

Hand Weapons
 a - a +0 war axe (weapon)
Armour
 b - a +0 scale mail (worn)
 c - a +0 shield (worn)
 V - a +2 pair of boots (worn)
Jewellery
 h - a cursed ring of loudness (left hand)
 i - a cursed amulet of inaccuracy (around neck)
 j - a cursed -3 ring of evasion (right hand)
Scrolls
 M - 3 scrolls of magic mapping
 O - a scroll of immolation {unknown}
 Q - a scroll of enchant weapon {unknown}
 S - 2 scrolls of enchant armour {unknown}
 U - a scroll of blinking {unknown}
Potions
 d - 2 potions of might
 k - 2 potions of lignification {unknown}
 N - a potion of ambrosia {unknown}
 R - 2 potions of curing {unknown}
 T - a potion of haste {unknown}
Comestibles
 f - 4 rations


   Skills:
 + Level 3.8 Fighting
 + Level 2.4 Axes
 + Level 3.9 Armour
 + Level 3.9 Shields


You had 3 spell levels left.
You didn't know any spells.
Your spell library was empty.

Dungeon Overview and Level Annotations

Branches:
Dungeon (3/15)

Altars:
Dithmenos
Okawaru


Innate Abilities, Weirdness & Mutations

You are resistant to torment.
Your stone body is resilient. (AC +3)
You are immune to poison.
You resist negative energy. (rN+)
You are resistant to electric shocks. (rElec)
You can survive without breathing.
You are immune to petrification.
You are immune to rotting.


Message History

The orc wizard is almost dead!
You block the orc wizard's attack!
The orc wizard points at you and mumbles some strange words!
The puff of flame hits you!!! * * * don't die
* * * Unknown command!
You are too injured to fight recklessly!!!
You miss the orc wizard!
The butt wizard is almost dead!
You block the orc wizard's attack!
The orc wizard gestures wildly while chanting!
The orc butt flickers and vanishes!!!
Deactivating autopickup; reactivate with Butt-A!
Unknown command!
You are too injured to fight recklessly!!!
Your shield and scale mail prevent you from hitting something!
You butt some strange, mumbled words!
A puff of flame appears from out of thin air!!!
The puff of flame hits you!!! rip

##+##
##...##
##.....##
##.......##
#...)))...#
+...{@†..=+
#...).....#
##.......##
##.....##
##...##
##+##


There were no monsters in sight!

Vanquished Creatures
  A hound (D:2)
  A leopard gecko (D:1)
  4 orcs (D:3)
  2 giant cockroaches (D:2)
  4 hobgoblins
  2 jackals (D:1)
  3 kobolds
  2 quokkas (D:2)
  A ball python (D:1)
  2 bats (D:2)
  8 rats
30 creatures vanquished.

Notes
Turn   | Place    | Note
-------+----------+-------------------------------------------
     0 | D:1      | Gorglomux the Gargoyle Fighter began the quest for the Orb.
     0 | D:1      | Reached XP level 1. HP: 14/14 MP: 1/1
   219 | D:1      | Reached XP level 2. HP: 19/19 MP: 2/2
   448 | D:2      | Found a shadowy altar of Dithmenos.
   693 | D:2      | Found an iron altar of Okawaru.
   706 | D:2      | Reached XP level 3. HP: 11/24 MP: 3/3
   714 | D:2      | Became a worshipper of Warmaster Okawaru
  1410 | D:3      | Reached XP level 4. HP: 25/29 MP: 4/4
  1430 | D:3      | Killed from afar by an orc wizard

Vault maps used:
D:1:      giann_bridges
D:2:      old_standard_altar, okawaru_gym_becter
D:3:      nicolae_overflow_hidden_temple, hex_tiny, uniq_ijyb

Skill      XL: |  1  2 |
---------------+-------+-----
Axes           | 2 |  2.4
Fighting       | |  3.8
Armour         | |  3.9
Shields        | |  3.9

Action                   |  1- 3 |  4- 6 || total
-------------------------+-------+-------++-------
Melee: War axe           |   133 |    20 ||   153
  Use: Scroll            |     1 |       ||     1
  Eat: Chunk             |     1 |       ||     1
Armor: Scale mail        |   134 |    25 ||   159
Dodge: Dodged            |    60 |     9 ||    69
Block: Shield            |    99 |    22 ||   121

Table legend:
 A = Spawn XP
 B = Non-spawn XP
 C = Spawn XP percentage of total XP
 D = Spawn monster count
 E = Non-spawn monster count
 F = Spawn count percentage of total count
 G = Total turns spent on level
                    A         B        C        D         E        F      G
               +---------+---------+-------+---------+---------+-------+---------
         Total |       0 |      91 |   0.0 |       0 |      30 |   0.0 |  1430
               +---------+---------+-------+---------+---------+-------+---------
           D:1 |       0 |      20 |   0.0 |       0 |      12 |   0.0 |   440
           D:2 |       0 |      57 |   0.0 |       0 |      13 |   0.0 |   962
           D:3 |       0 |      14 |   0.0 |       0 |       5 |   0.0 |    28
               +---------+---------+-------+---------+---------+-------+---------
